 Dungeon Crawl Stone Soup version 0.23.1 (webtiles) character file.

Game seed: 0

170601 Fang the Warrior (level 17, -1/117 HPs)
             Began as a Gargoyle Berserker on Mar 13, 2019.
             Was the Champion of Trog.
             Shot with an arrow by a naga sharpshooter (8 damage)
             ... on level 4 of the Snake Pit.
             The game lasted 00:41:19 (30249 turns).

Fang the Warrior (Gargoyle Berserker)              Turns: 30249, Time: 00:41:19

Health: -1/117     AC: 55    Str: 27    XL:     17   Next: 99%
Magic:  17/17      EV: 11    Int:  9    God:    Trog [******]
Gold:   2078       SH:  0    Dex: 11    Spells: 16/16 levels left

rFire    . . .     SeeInvis +   A - +8 battleaxe of Death {protect, rN+}
rCold    + . .     Gourm    +   (shield currently unavailable)
rNeg     + + .     Faith    .   D - +8 plate armour
rPois    ∞         Spirit   .   z - +2 hat {SInv}
rElec    +         Reflect  .   R - +0 cloak {rPois}
rCorr    .         Harm     .   M - +1 pair of gloves
MR       +....                  (no boots)
Stlth    ..........             Q - amulet of the gourmand
HPRegen  0.29/turn              j - +4 ring of dexterity
MPRegen  0.15/turn              I - +1 ring of protection

@: about to teleport, protection aura, flying, slowed, constricted, very slow
A: big wings, talons 1, icy blue scales 1, clumsy 1, cold resistance 1, negative
energy resistance 1, electricity resistance, unbreathing, petrification
resistance, rot immunity, AC +12
a: Stop Flying, Berserk, Trog's Hand, Brothers in Arms, Renounce Religion


You were on level 4 of the Snake Pit.
You worshipped Trog.
Trog was exalted by your worship.
You were very full.

You visited 5 branches of the dungeon, and saw 28 of its levels.
You visited the Abyss 1 time.
You also visited: Bailey.

You collected 2647 gold pieces.
You spent 569 gold pieces at shops.

Inventory:

Hand Weapons
 h - the +9 war axe of Ykleenec {protect, rC+ Int+3 Dex-2}
   (You found it on level 9 of the Dungeon)

   It protects the one who uses it against injury (+AC on strike).
   It affects your intelligence (+3).
   It affects your dexterity (-2).
   It protects you from cold.
 k - a +6 antimagic battleaxe
 r - the +2 hand axe "Futane" {holy, rElec rPois}
   (You bought it in a shop on level 1 of the Snake Pit)

   It has been blessed by the Shining One to cause great damage to the undead
   and demons.
   It insulates you from electricity.
   It protects you from poison.
 A - the +8 battleaxe of Death (weapon) {protect, rN+}
   (Trog gifted it to you on level 2 of the Lair of Beasts)

   It protects the one who uses it against injury (+AC on strike).
   It protects you from negative energy.
 B - a +1 broad axe of chopping
 H - a +6 executioner's axe of freezing
 P - a +4 antimagic war axe
 T - a +5 executioner's axe of freezing
 Y - a +6 executioner's axe of flaming
Armour
 z - a +2 hat of see invisible (worn)
 D - a +8 plate armour (worn)
 M - a +1 pair of gloves (worn)
 R - a +0 cloak of poison resistance (worn)
Jewellery
 j - a +4 ring of dexterity (left hand)
 l - an uncursed amulet of rage
 C - an uncursed ring of protection from magic
 I - a +1 ring of protection (right hand)
 K - the ring "Kegh" {+Blink rPois Str+3 Int-3}
   (You took it off a wizard on level 11 of the Dungeon)

   [ring of strength]

   It affects your strength (+3).
   It affects your intelligence (-3).
   It protects you from poison.
   It lets you blink.
 N - an uncursed ring of fire
 O - an uncursed ring of protection from fire
 Q - an amulet of the gourmand (around neck)
Wands
 f - a wand of polymorph (14)
 n - a wand of acid (6)
 o - a wand of enslavement (14)
 u - a wand of clouds (5)
 w - a wand of iceblast (40)
 x - a wand of flame (17)
 y - a wand of random effects (108)
 J - a wand of digging (10)
 U - a wand of disintegration (2)
Scrolls
 a - 15 scrolls of remove curse
 d - 10 scrolls of identify
 i - 6 scrolls of fog
 t - 5 scrolls of blinking
 E - 2 scrolls of fear
 G - 5 scrolls of magic mapping
 L - 2 scrolls of teleportation
 W - a scroll of summoning
Potions
 b - 5 potions of magic
 e - a potion of berserk rage
 g - 2 potions of invisibility
 m - 2 potions of heal wounds
 p - 2 potions of resistance
 q - 6 potions of curing
 s - 4 potions of agility
 v - 2 potions of cancellation
 F - 4 potions of might
 S - a potion of brilliance
Comestibles
 c - 56 rations


   Skills:
 + Level 17.1 Fighting
 + Level 14.6 Axes
 + Level 16.9 Armour
 + Level 13.5 Dodging


You had 16 spell levels left.
You didn't know any spells.
Your spell library was empty.

Dungeon Overview and Level Annotations

Branches:
Dungeon (15/15)            Temple (1/1) D:4            Lair (6/6) D:8
 Shoals (0/4) Lair:3        Snake (4/4) Lair:2        Slime (0/5) Lair:6
    Orc (2/2) D:10            Elf (0/3) Orc:2        Vaults (0/5) D:13
 Depths (0/5) D:15

Altars:
Ashenzari
Cheibriados
Dithmenos
Gozag
Makhleb
Nemelex Xobeh
Qazlal
Sif Muna
Trog
Vehumet
Xom
Beogh
Jiyva

Shops:
D:8 [   D:11 [   D:12 *   Orc:2 ([:?   Snake:1 %*(   Snake:3 [   Snake:4 }=}

Annotations:
D:7 Prince Ribbit
D:11 3 runed translucent doors
Lair:2 exclusion: 4 oklob plants
Snake:1 exclusion: Roxanne, Roxanne
Orc:2 2 runed translucent doors, exclusion: 4 orange crystal statues


Innate Abilities, Weirdness & Mutations

You are resistant to torment.
Your stone body is resilient. (AC +12)
You are immune to poison.
Your large and strong wings let you fly indefinitely.
You resist negative energy. (rN+)
You are resistant to electric shocks. (rElec)
You can survive without breathing.
You are immune to petrification.
You are immune to rotting.
You have sharp toenails.
You are partially covered in icy blue scales. (AC +2)
You are clumsy. (Dex -2)
Your flesh is cold resistant. (rC+)


Message History

The naga barely misses you. The naga hits you but does no damage.
The naga spits poison at you.
The splash of poison hits you but does no damage.
You resist.
You open the naga like a pillowcase!!!
You kill the naga!
Trog accepts your kill.
You hit the naga but do no damage. You closely miss the guardian serpent.
You hit the black mamba but do no damage.
You closely miss the naga sharpshooter. You barely miss the naga.
The guardian serpent hits you!
* * * LOW HITPOINT WARNING * * *
The black mamba bites you but does no damage.
Your troll bites the naga but does no damage.
Your troll barely misses the naga.
Your troll closely misses the naga.
The naga hits you but does no damage.
The naga sharpshooter gestures wildly while chanting.
The naga sharpshooter magically shoots an arrow.
The arrow hits you!
You die...

##..........############
.##.........#
..##........##
...##........#
....##.......#
#...##....(.#.....#
#...##.....#.....#
#.NS#N....#.....#
#T)@)#...#.....#
#NSNN#...#.....#+#+#
#..N#.....#..........
#.NN##.....#..........
#S..##......###''######
....##..................
...##.....(..(.......#'#
..##.........(.......'..
.##.[................#..


You could see a naga sharpshooter, a guardian serpent, 2 black mambas, a naga
mage, 6 nagas and a friendly troll (berserk).

Vanquished Creatures
  A bone dragon (Abyss:2)
  Agnes (D:14)
  5 nagarajas
  A fire giant (D:13)
  An orc warlord (Orc:2)
  An ironheart preserver (D:13)
  Azrael (D:14)
  Nessos (D:14)
  The ghost of Aldia the Spear-Bearer, a journeyman MfSk of Okawaru (Lair:4)
  An ettin (Orc:1)
  Josephine (D:10)
  7 hydras
  Fannar (D:10)
  Harold (D:7)
  8 naga warriors
  12 anacondas
  An ogre mage (D:15)
  8 two-headed ogres
  5 centaur warriors (D:13)
  2 tengu warriors (D:13)
  A hell hog (Abyss:2)
  9 death yaks
  7 naga sharpshooters
  An orc high priest (Orc:2)
  A hell knight (D:14)
  A deep elf knight (D:14)
  8 shock serpents
  Nergalle (Lair:4)
  A skeletal warrior (D:10)
  4 wizards
  A glowing orange brain (D:15)
  2 sea snakes (Snake:4)
  An unseen horror (D:15)
  4 naga ritualists
  A deep troll (D:13)
  Pikel (D:8)
  An orc knight (Orc:2)
  4 deep elf magi
  15 mana vipers
  A wolf spider (D:13)
  An orb spider (shapeshifter) (D:15)
  7 ugly things
  4 salamanders
  A cyclops (D:11)
  7 large abominations (Abyss:2)
  A shock serpent zombie (Abyss:2)
  A rust devil (Abyss:2)
  12 elephants
  3 guardian serpents
  5 manticores
  A gargoyle (D:10)
  3 apocalypse crabs (Abyss:2)
  11 black mambas
  Joseph (Lair:1)
  Maurice (D:10)
  13 naga magi
  10 spiny frogs
  An orange demon (Abyss:2)
  2 efreet
  2 rime drakes (Lair:2)
  5 komodo dragons
  A tengu conjurer (D:13)
  3 trolls
  A hornet (shapeshifter) (D:15)
  3 hornets (Lair:6)
  A wind drake (shapeshifter) (D:15)
  4 polar bears
  6 meliai (D:15)
  4 slime creatures
  9 blink frogs
  10 dream sheep
  12 hippogriffs
  5 raiju (Abyss:2)
  Sigmund (D:6)
  3 shadows
  A vampire (D:10)
  6 starcursed masses (Abyss:2)
  A ynoxinul (Abyss:2)
  44 yaks
  7 wyverns
  8 wraiths
  13 spriggans
  3 hungry ghosts
  8 basilisks
  A yak (shapeshifter) (D:15)
  5 fire elementals (D:14)
  A steam dragon (D:13)
  2 vampire mosquitoes (D:11)
  Grum (D:10)
  2 chaos spawn (Abyss:2)
  Menkaure (D:6)
  48 nagas
  2 wargs (Orc:2)
  2 hell hounds (D:14)
  2 soldier ants (D:13)
  14 water moccasins
  6 small abominations
  6 porcupines
  2 ice beasts
  Duvessa (D:6)
  A slave (D:8)
  7 black bears
  28 orc warriors
  5 sky beasts
  2 eyes of draining
  An eye of draining (shapeshifter) (D:15)
  15 ogres
  3 phantoms
  2 boggarts (Lair:6)
  A necrophage (D:9)
  8 centaurs
  41 wolves
  13 crocodiles
  7 big kobolds
  25 bullfrogs
  A gnoll sergeant (D:11)
  A wyvern skeleton (D:8)
  2 wyvern zombies
  Dowan (D:6)
  9 killer bees
  5 scorpions
  A wight (D:10)
  5 howler monkeys
  11 crimson imps
  A bullfrog zombie (D:12)
  4 centaur zombies
  3 jellies
  A quasit (Abyss:2)
  23 orc wizards
  A bullfrog skeleton (D:13)
  10 orc priests
  3 hounds
  Crazy Yiuf (D:6)
  10 centaur skeletons
  10 worker ants
  8 iguanas
  3 hound skeletons
  2 worker ant zombies
  A gnoll (D:11)
  16 adders
  3 shadow imps
  2 white imps (Abyss:2)
  2 oozes
  An adder skeleton (D:6)
  4 worms
  4 leopard geckos
  81 orcs
  18 giant cockroaches
  7 goblins
  11 hobgoblins
  16 jackals
  59 kobolds
  6 quokkas
  A ball python (D:2)
  5 bats
  4 frilled lizards
  A jackal skeleton (D:5)
  9 rats
  2 fungi (Lair:6)
  3 plants
998 creatures vanquished.

Vanquished Creatures (collateral kills)
  A naga warrior (Snake:2)
  2 hydras
  2 death yaks (Lair:6)
  A shock serpent (Snake:2)
  The ghost of Mazchan the Commander, a novice DsEn of Okawaru (D:10)
  A naga sharpshooter (Snake:2)
  2 black mambas
  3 naga magi
  A spiny frog (Lair:2)
  3 meliai (D:11)
  3 blink frogs (Lair:2)
  2 spriggans (Lair:6)
  3 yaks (Lair:2)
  2 hungry ghosts (D:11)
  6 nagas
  A water moccasin (Lair:2)
  3 orc warriors (Orc:2)
  6 wolves
  2 boggarts (Lair:6)
  A crocodile (Lair:2)
  A bullfrog (Lair:2)
  A wight (D:10)
  A bullfrog zombie (D:11)
  An orc priest (Orc:2)
  A centaur skeleton (D:11)
  2 orc wizards (Orc:2)
  A worker ant zombie (D:11)
  An adder (D:11)
  A plant (Lair:2)
56 creatures vanquished.

Vanquished Creatures (others)
  A deep elf knight (D:14)
  2 nagas
  9 fungi
  30 plants
42 creatures vanquished.

Grand Total: 1096 creatures vanquished

Notes
Turn   | Place    | Note
-------+----------+-------------------------------------------
     0 | D:1      | Fang the Gargoyle Berserker began the quest for the Orb.
     0 | D:1      | Reached XP level 1. HP: 14/14 MP: 1/1
    63 | D:1      | Reached XP level 2. HP: 11/19 MP: 2/2
   445 | D:1      | Reached XP level 3. HP: 23/23 MP: 3/3
   709 | D:2      | Reached ** piety under Trog
   729 | D:2      | Found a sparkling altar of Nemelex Xobeh.
   748 | D:2      | Found a deep blue altar of Sif Muna.
   755 | D:2      | Found a stormy altar of Qazlal.
   950 | D:2      | Reached XP level 4. HP: 19/29 MP: 4/4
  1075 | D:2      | Reached skill level 4 in Fighting
  1400 | D:3      | Reached *** piety under Trog
  1524 | D:3      | Reached XP level 5. HP: 33/33 MP: 5/5
  1757 | D:4      | Noticed an ogre
  1766 | D:4      | Killed an ogre
  1766 | D:4      | Reached XP level 6. HP: 39/39 MP: 6/6
  1885 | D:4      | Reached skill level 5 in Fighting
  1926 | D:4      | Reached XP level 7. HP: 6/44 MP: 7/7
  2237 | D:4      | Found a staircase to the Ecumenical Temple.
  2277 | Temple   | Entered the Ecumenical Temple
  2861 | D:4      | Noticed a moth of wrath
  2864 | D:4      | Found a bloodstained altar of Trog.
  2989 | D:5      | Entered Level 5 of the Dungeon
  3012 | D:5      | Reached skill level 5 in Armour
  3022 | D:5      | Found an opulent altar of Gozag.
  3073 | D:5      | Reached **** piety under Trog
  3105 | D:5      | Reached XP level 8. HP: 44/51 MP: 8/8
  3272 | D:5      | Found a burning altar of Makhleb.
  3275 | D:5      | Found a snail-covered altar of Cheibriados.
  3278 | D:5      | Found an opulent altar of Gozag.
  3478 | D:5      | Reached skill level 6 in Fighting
  3941 | D:6      | Reached skill level 5 in Axes
  3945 | D:6      | Found a shattered altar of Ashenzari.
  3947 | D:6      | Noticed Menkaure
  3956 | D:6      | Killed Menkaure
  4626 | D:6      | Noticed Sigmund
  4666 | D:6      | Killed Sigmund
  4666 | D:6      | Reached XP level 9. HP: 28/56 MP: 9/9
  4735 | D:6      | Noticed Duvessa
  4735 | D:6      | Noticed Dowan
  4742 | D:6      | Killed Duvessa
  4742 | D:6      | Reached skill level 7 in Fighting
  4742 | D:6      | Reached skill level 5 in Dodging
  4752 | D:6      | Killed Dowan
  4901 | D:6      | Found a runed translucent door.
  4902 | D:6      | Noticed Crazy Yiuf
  5207 | D:6      | Killed Crazy Yiuf
  5572 | D:7      | Found a flagged portal.
  5656 | Bailey   | Entered a bailey
  5656 | Bailey   | Noticed an orc knight
  5656 | Bailey   | Noticed an orc knight
  5762 | D:7      | Noticed Harold
  5781 | D:7      | Killed Harold
  5884 | D:7      | Found a shadowy altar of Dithmenos.
  5975 | D:7      | Noticed Prince Ribbit
  5982 | D:7      | Reached skill level 8 in Fighting
  6708 | D:8      | Reached ***** piety under Trog
  6711 | D:8      | Reached XP level 10. HP: 44/64 MP: 10/10
  7642 | D:8      | Noticed Pikel
  7650 | D:8      | Killed Pikel
  7650 | D:8      | Reached skill level 9 in Fighting
  7854 | D:8      | Found a staircase to the Lair.
  7864 | D:8      | Found Jaimyg's Armour Emporium.
  7910 | D:9      | Got a transparent war axe
  7911 | D:9      | Identified the +9 war axe of Ykleenec {protect, rC+ Int+3
                  | Dex-2} (You found it on level 9 of the Dungeon)
  7970 | D:9      | Gained mutation: You tend to lose your temper in combat.
                  | [potion of mutation]
  7970 | D:9      | Gained mutation: Your mind is acute. (Int +2) [potion of
                  | mutation]
  7971 | D:9      | Lost mutation: You tend to lose your temper in combat.
                  | [potion of mutation]
  7971 | D:9      | Lost mutation: Your mind is acute. (Int +2) [potion of
                  | mutation]
  7971 | D:9      | Gained mutation: You are resistant to hostile enchantments.
                  | (MR+) [potion of mutation]
  7971 | D:9      | Gained mutation: You are clumsy. (Dex -2) [potion of
                  | mutation]
  7971 | D:9      | Gained mutation: Your muscles are strong. (Str +2) [potion
                  | of mutation]
  7971 | D:9      | Gained mutation: You have sharp toenails. [potion of
                  | mutation]
  7972 | D:9      | Lost mutation: Your muscles are strong. (Str +2) [potion of
                  | mutation]
  7972 | D:9      | Lost mutation: You are resistant to hostile enchantments.
                  | (MR+) [potion of mutation]
  7972 | D:9      | Gained mutation: Your large and strong wings let you fly
                  | indefinitely. [potion of mutation]
  7972 | D:9      | Gained mutation: Your flesh is cold resistant. (rC+)
                  | [potion of mutation]
  7972 | D:9      | Gained mutation: You are partially covered in icy blue
                  | scales. (AC +2) [potion of mutation]
  8442 | D:9      | Reached XP level 11. HP: 21/71 MP: 11/11
  9003 | D:10     | Entered Level 10 of the Dungeon
  9003 | D:10     | Noticed a white ugly thing
  9011 | D:10     | Killed a white ugly thing
  9110 | D:10     | Reached skill level 10 in Fighting
  9150 | D:10     | Received a gift from Trog
  9184 | D:10     | Noticed Maurice
  9190 | D:10     | Reached ****** piety under Trog
  9196 | D:10     | Killed Maurice
  9232 | D:10     | Noticed a skeletal warrior
  9249 | D:10     | Found a transporter.
  9250 | D:10     | Noticed Mazchan's ghost (novice DsEn)
  9261 | D:10     | Found a transporter.
  9273 | D:10     | Noticed Fannar
  9291 | D:10     | Killed Fannar
  9321 | D:10     | Reached skill level 10 in Armour
  9357 | D:10     | Noticed a two-headed ogre
  9361 | D:10     | Killed a two-headed ogre
  9480 | D:10     | Identified a scroll of acquirement
  9498 | D:10     | Noticed Grum
  9518 | D:10     | Killed Grum
  9994 | D:10     | Found a staircase to the Orcish Mines.
 10085 | Lair:1   | Entered Level 1 of the Lair of Beasts
 10086 | Lair:1   | Noticed Joseph
 10099 | Lair:1   | Killed Joseph
 10110 | Lair:1   | Reached XP level 12. HP: 55/79 MP: 12/12
 10254 | Lair:1   | Reached skill level 11 in Fighting
 10657 | Lair:1   | Found a dark tunnel.
 11140 | Lair:2   | Received a gift from Trog
 11151 | Lair:2   | Got a jewelled battleaxe {god gift}
 11152 | Lair:2   | Identified the +8 battleaxe of Death {protect, rN+} (Trog
                  | gifted it to you on level 2 of the Lair of Beasts)
 11226 | Lair:2   | Found a radiant altar of Vehumet.
 11257 | Lair:2   | Found a frozen archway.
 11323 | Lair:2   | Noticed a six-headed hydra
 11329 | Lair:2   | Killed an eight-headed hydra
 11336 | Lair:2   | Reached skill level 10 in Axes
 11441 | Lair:2   | Noticed a six-headed hydra
 11451 | Lair:2   | Killed a 12-headed hydra
 11527 | Lair:2   | Found a staircase to the Snake Pit.
 11546 | Lair:2   | Reached skill level 12 in Fighting
 11644 | Lair:2   | Reached XP level 13. HP: 82/86 MP: 13/13
 12066 | Lair:3   | Found a staircase to the Shoals.
 12699 | Lair:4   | Found a runed translucent door.
 12699 | Lair:4   | Noticed Aldia's ghost (journeyman MfSk)
 12827 | Lair:4   | Killed Aldia's ghost
 13112 | Lair:4   | Noticed Nergalle
 13123 | Lair:4   | Killed Nergalle
 13392 | Lair:4   | Reached skill level 10 in Dodging
 13664 | Lair:4   | Reached skill level 13 in Fighting
 13940 | Lair:5   | Got a wavering brass amulet
 14525 | Lair:6   | Entered Level 6 of the Lair of Beasts
 14636 | Lair:6   | Identified the amulet of Nusut {Inacc MR- Str-4 Int+4
                  | Dex+7} (You found it on level 5 of the Lair of Beasts)
 14657 | Lair:6   | Mutation became permanent: Your large and strong wings let
                  | you fly indefinitely. [Gargoyle growth]
 14657 | Lair:6   | Gained mutation: Your large and strong wings let you fly
                  | indefinitely. [Gargoyle growth]
 14657 | Lair:6   | Reached XP level 14. HP: 82/94 MP: 14/14
 14776 | Lair:6   | Received a gift from Trog
 15927 | Lair:6   | Reached skill level 14 in Fighting
 16021 | Lair:6   | Found a viscous altar of Jiyva.
 16021 | Lair:6   | Found a staircase to the Slime Pits.
 16217 | D:10     | Killed Mazchan's ghost
 16424 | D:11     | Found a runed translucent door.
 16427 | D:11     | Found a runed translucent door.
 16427 | D:11     | Found a runed translucent door.
 16439 | D:11     | Received a gift from Trog
 16928 | D:11     | Found Pucituo's Armour Shop.
 17054 | D:11     | Reached XP level 15. HP: 87/100 MP: 15/15
 17062 | D:11     | Identified the ring "Kegh" {+Blink rPois Str+3 Int-3}
 17080 | D:11     | Identified the +9 double sword of Foeg Nuo {slice, *Slow
                  | rElec rC+ MR++}
 17850 | D:12     | Found Sieneine's General Store.
 18284 | D:12     | Bought a scroll of teleportation for 42 gold pieces
 18970 | D:13     | Found a gate to the Vaults.
 19064 | D:13     | Noticed a fire giant
 19076 | D:13     | Killed a fire giant
 19495 | D:13     | Received a gift from Trog
 20068 | D:14     | Found a shimmering altar of Xom.
 20217 | D:14     | Noticed Nessos
 20243 | D:14     | Killed Nessos
 20499 | D:14     | Reached skill level 15 in Fighting
 20503 | D:14     | Noticed Azrael
 20518 | D:14     | Killed Azrael
 20848 | D:14     | Cast into level 2 of the Abyss (hell knight)
 21346 | Abyss:2  | Noticed a bone dragon
 21371 | Abyss:2  | Killed a bone dragon
 21371 | Abyss:2  | Reached skill level 15 in Armour
 21371 | Abyss:2  | Reached XP level 16. HP: 39/108 MP: 16/16
 21504 | Abyss:2  | Received a gift from Trog
 21695 | D:14     | Escaped the Abyss
 22092 | D:14     | Noticed Agnes
 22110 | D:14     | Killed Agnes
 22348 | D:15     | Entered Level 15 of the Dungeon
 23986 | D:15     | Found a staircase to the Depths.
 24279 | Orc:1    | Entered Level 1 of the Orcish Mines
 24605 | Orc:2    | Entered Level 2 of the Orcish Mines
 24649 | Orc:2    | Received a gift from Trog
 24750 | Orc:2    | Found the +10 large shield of Ignorance {rN+ Int-4}
 24755 | Orc:2    | Found a runed translucent door.
 24768 | Orc:2    | Found a staircase to the Elven Halls.
 24799 | Orc:2    | Found a runed translucent door.
 24863 | Orc:2    | Found a roughly hewn altar of Beogh.
 24919 | Orc:2    | Found a roughly hewn altar of Beogh.
 24920 | Orc:2    | Found Kahyza Zimi's Book Shop.
 24924 | Orc:2    | Received a gift from Trog
 24999 | Orc:2    | Found a roughly hewn altar of Beogh.
 24999 | Orc:2    | Found Yfiniecog's Magic Scroll Shoppe.
 25029 | Orc:2    | Bought a scroll of teleportation for 39 gold pieces
 25095 | Orc:2    | Found a roughly hewn altar of Beogh.
 25183 | Orc:2    | Found a roughly hewn altar of Beogh.
 25593 | Orc:2    | Found a roughly hewn altar of Beogh.
 25632 | Orc:2    | Found Gabbeemn's Antique Weapon Shoppe.
 25634 | Orc:2    | Found a roughly hewn altar of Beogh.
 25805 | Orc:2    | Found Hamonn's Antique Armour Emporium.
 25849 | Orc:2    | Bought a glowing cloak for 240 gold pieces
 26050 | D:10     | Noticed Josephine
 26058 | D:10     | Killed Josephine
 26162 | Snake:1  | Entered Level 1 of the Snake Pit
 26162 | Snake:1  | Found Pifen's Antique Weapon Emporium.
 26179 | Snake:1  | Reached skill level 16 in Fighting
 26184 | Snake:1  | Bought a shimmering hand axe for 248 gold pieces
 26184 | Snake:1  | Identified the +2 hand axe "Futane" {holy, rElec rPois}
                  | (You bought it in a shop on level 1 of the Snake Pit)
 26227 | Snake:1  | You are sucked into a shaft!
 26523 | Snake:2  | Received a gift from Trog
 26629 | Snake:1  | Reached XP level 17. HP: 113/115 MP: 17/17
 26692 | Snake:1  | Found Ithiw's Food Shop.
 27021 | Snake:1  | Noticed Roxanne
 27293 | Snake:1  | Found Ceczisic's Assorted Antiques.
 28241 | Snake:3  | Received a gift from Trog
 28434 | Snake:3  | Found Wynaez's Armour Emporium.
 29321 | Snake:4  | Entered Level 4 of the Snake Pit
 29395 | Snake:4  | Found Ynnunu's Gadget Shoppe.
 29396 | Snake:4  | Found Hidghewa's Jewellery Shop.
 29397 | Snake:4  | Found Wyorucia's Gadget Shoppe.
 29567 | Snake:4  | Received a gift from Trog
 30223 | Snake:4  | Reached skill level 17 in Fighting
 30249 | Snake:4  | Shot with an arrow by a naga sharpshooter

Skill      XL: |  1  2  3  4  5  6  7  8  9 10 11 12 13 14 15 16 17 |
---------------+----------------------------------------------------+-----
Axes           | 3 4 5 6 8 9 10 11 12 13 14 | 14.6
Dodging        | 2 3 4 5 7 8 9 10 11 12 13 | 13.5
Armour         | 3 4 5 6 7 9 10 11 12 14 15 16 | 16.9
Fighting       | 4 5 6 8 9 10 12 13 14 15 16 17 | 17.1

Action                   |  1- 3 |  4- 6 |  7- 9 | 10-12 | 13-15 | 16-18 || total
-------------------------+-------+-------+-------+-------+-------+-------++-------
Melee: Hand axe          |   109 |   190 |   172 |       |       |       ||   471
       War axe           |       |       |   253 |   495 |       |       ||   748
       Kick              |       |       |       |    83 |   306 |   277 ||   666
       Battleaxe         |       |       |       |    72 |  1004 |   861 ||  1937
Invok: Berserk           |       |     2 |     6 |     7 |     5 |     2 ||    22
       Brothers in Arms  |       |       |       |     1 |     7 |     3 ||    11
       Trog's Hand       |       |       |       |       |     1 |       ||     1
 Abil: Fly               |       |       |       |     1 |       |       ||     1
  Use: Scroll            |       |       |    17 |     6 |    15 |    14 ||    52
       Potion            |       |       |       |     3 |     8 |     4 ||    15
 Stab: Distracted        |     1 |       |       |       |       |       ||     1
       Invisible         |       |       |       |       |     2 |     1 ||     3
       Petrifying        |       |       |       |       |     1 |       ||     1
  Eat: Chunk             |       |     5 |    21 |    25 |    32 |    39 ||   122
       Ration            |       |       |       |       |     4 |     1 ||     5
Armor: Animal skin       |    27 |       |       |       |       |       ||    27
       Scale mail        |    38 |   125 |   218 |   305 |       |       ||   686
       Plate armour      |       |       |       |   134 |  1323 |   854 ||  2311
Dodge: Dodged            |    89 |   128 |   268 |   460 |   892 |   696 ||  2533
